Map: Lightshade LE

Players

uThermal - Winner!

  • Race: Terran Terran

Lilbow

  • Race: Protoss Protoss

Event: DreamHack SC2 Masters 2021 Winter

VOD

Have the link to the VOD?

Description

Time

  • Played on: Sept. 29, 2021, 12:25 p.m.
  • Length: 10:12

All games in this series

Show
View Real Time Build Order
Export as new Build Order

uThermal Terran - Winner!

Build Orders:  

Get SALT Encoding   

  12  0:00  SCV  
  13  0:12  SCV  
  14  0:17  Supply Depot  
  14  0:24  SCV  
  15  0:38  SCV  
  15  0:40  Barracks  
  16  0:43  Refinery  
  16  0:50  SCV  
  16  0:52  Refinery  
  17  1:02  SCV  
  18  1:14  SCV  
  19  1:27  Reaper, Orbital Command  
  19  1:28  Supply Depot  
  20  1:41  Factory  
  20  1:53  SCV  
  21  1:59  Reaper  
  22  2:05  SCV  
  23  2:17  SCV  
  23  2:20  Command Center  
  24  2:27  Hellion  
  24  2:29  SCV  
  27  2:32  Barracks Reactor  
  27  2:39  Starport  
  27  2:42  SCV  
  28  2:48  Supply Depot  
  28  2:52  Widow Mine  
  28  2:55  SCV  
  31  3:10  SCV, Marine x2  
  34  3:13  Widow Mine  
  34  3:18  Medivac  
  36  3:22  SCV  
  36  3:29  Bunker  
  36  3:30  Marine x2  
  37  3:34  SCV  
  37  3:36  Orbital Command  
  37  3:38  Factory Tech Lab  
  38  3:46  SCV  
  38  3:48  Marine x2  
  41  4:00  Barracks  
  41  4:01  SCV  
  41  4:02  SCV, Factory Tech Lab  
  43  4:03  Raven  
  43  4:06  Marine  
  43  4:07  Marine  
  47  4:14  SCV  
  47  4:15  Supply Depot, SCV  
  49  4:24  Marine  
  47  4:25  Marine  
  47  4:26  SCV  
  47  4:27  SCV  
  51  4:36  Siege Tank  
  54  4:40  Supply Depot, SCV, Barracks  
  54  4:42  Marine  
  54  4:43  Marine  
  57  4:46  SCV  
  57  4:48  Engineering Bay  
  58  4:54  SCV  
  58  4:55  Refinery  
  58  4:56  Starport Reactor  
  58  4:58  SCV  
  58  4:59  Marine  
  60  5:01  Marine  
  60  5:03  Marauder  
  64  5:08  Supply Depot  
  64  5:10  Siege Tank  
  64  5:13  SCV  
  68  5:16  Stimpack  
  68  5:19  SCV  
  68  5:20  Marine  
  70  5:28  Supply Depot  
  70  5:29  Marine  
  70  5:30  Marauder, SCV  
  70  5:31  SCV  
  70  5:34  Terran Infantry Weapons Level 1  
  75  5:40  Marine  
  75  5:42  SCV  
  77  5:43  SCV  
  77  5:47  Combat Shield  
  77  5:49  Marine  
  78  5:50  Marauder  
  78  5:51  Marauder, Supply Depot  
  78  5:54  SCV  
  78  5:55  SCV  
  85  5:58  Marine  
  85  5:59  Supply Depot  
  85  6:03  Factory Reactor  
  86  6:13  SCV, Marine x3  
  86  6:14  Medivac  
  86  6:16  Medivac  
  94  6:19  Supply Depot  
  94  6:20  Marine  
  94  6:21  SCV  
  96  6:27  Command Center  
  96  6:32  Marauder x2  
  100  6:37  Marine  
  100  6:38  Marine  
  100  6:39  Supply Depot  
  102  6:41  Widow Mine  
  102  6:42  Widow Mine  
  102  6:45  Supply Depot  
  102  6:46  Medivac  
  108  6:51  Medivac  
  110  6:59  Refinery  
  110  7:00  Marine x2  
  110  7:01  Marauder x2  
  116  7:04  Barracks  
  116  7:05  Barracks  
  116  7:08  Widow Mine  
  118  7:09  Widow Mine  
  118  7:10  Concussive Shells  
  120  7:18  Marine  
  120  7:21  Supply Depot x2  
  120  7:22  Marauder  
  123  7:26  Marauder, Marine  
  126  7:37  Terran Infantry Armor Level 1  
  126  7:38  SCV, Marine  
  126  7:39  Widow Mine x2, SCV  
  126  7:40  Supply Depot  
  126  7:43  Marine  
  134  7:53  Marauder, Marine  
  134  7:55  Marine  
  138  8:00  Widow Mine x2, Viking  
  138  8:01  Marauder  
  146  8:07  Marine  
  146  8:10  Viking  
  146  8:11  Marine  
  150  8:15  Marauder  
  149  8:21  Marine  
  149  8:23  Marauder  
  149  8:30  Viking  
  149  8:31  Marine  
  150  8:36  Marauder  
  150  8:37  Supply Depot  
  150  8:38  Barracks Tech Lab, Marine  
  150  8:40  Viking  
  155  8:47  SCV  
  154  8:55  Barracks Tech Lab  
  154  8:56  SCV  
  154  8:58  Orbital Command  
  154  9:00  Viking  
  153  9:05  Widow Mine x2, Marine  
  153  9:06  Marauder, Marine  
  153  9:07  Marine  
  152  9:10  Viking  
  152  9:11  Marine  
  155  9:18  Supply Depot  
  155  9:23  Marine x2  
  157  9:24  Marine  
  157  9:25  Marauder  
  157  9:26  Marine  
  157  9:29  Marauder, SCV  
  157  9:31  Supply Depot  
  164  9:35  Armory  
  164  9:39  SCV  
  164  9:41  Marine  
  169  9:45  SCV  
  169  9:47  Ghost Academy  
  169  9:48  Marine  
  169  9:50  SCV  
  169  9:51  SCV  
  172  9:53  Marine  
  172  9:57  Supply Depot, SCV  
Show
View Real Time Build Order
Export as new Build Order

Lilbow Protoss 

Build Orders: 1 Gate Expand, Colossus Rush 

Get SALT Encoding   

  12  0:01  Probe  
  13  0:13  Probe  
  14  0:18  Pylon  
  14  0:26  Probe (Chrono Boost)  
  15  0:37  Gateway  
  15  0:38  Probe (Chrono Boost)  
  16  0:45  Probe (Chrono Boost)  
  16  0:47  Assimilator  
  17  0:52  Probe  
  18  1:04  Probe  
  19  1:16  Probe  
  20  1:26  Cybernetics Core  
  20  1:33  Nexus  
  20  1:35  Probe  
  21  1:42  Pylon  
  21  1:47  Probe  
  21  1:50  Assimilator  
  22  1:59  Probe  
  22  2:01  Adept (Chrono Boost)  
  23  2:05  Warp Gate  
  24  2:11  Probe  
  25  2:22  Stalker (Chrono Boost)  
  25  2:24  Probe  
  28  2:35  Gateway  
  28  2:36  Probe  
  29  2:44  Stalker (Chrono Boost)  
  29  2:45  Probe (Chrono Boost)  
  33  2:52  Probe (Chrono Boost)  
  33  2:57  Probe (Chrono Boost)  
  34  2:59  Shield Battery  
  34  3:03  Probe x2 (Chrono Boost)  
  36  3:07  Robotics Facility  
  36  3:12  Probe x2  
  38  3:23  Twilight Council  
  38  3:24  Probe (Chrono Boost)  
  38  3:28  Probe (Chrono Boost)  
  38  3:36  Probe (Chrono Boost)  
  38  3:39  Pylon  
  38  3:40  Probe (Chrono Boost)  
  40  3:41  Probe (Chrono Boost)  
  41  3:49  Probe (Chrono Boost)  
  41  3:53  Assimilator  
  41  3:55  Observer, Assimilator  
  44  3:56  Probe (Chrono Boost)  
  44  3:57  Stalker  
  44  4:00  Probe (Chrono Boost)  
  44  4:02  Pylon  
  47  4:04  Probe x2 (Chrono Boost)  
  49  4:15  Probe x2  
  51  4:23  Robotics Bay  
  51  4:27  Probe x2  
  47  4:39  Probe x2  
  47  4:40  Blink (Chrono Boost)  
  49  4:51  Probe x2  
  51  4:56  Nexus  
  51  4:57  Pylon  
  51  5:00  Observer (Chrono Boost)  
  51  5:03  Probe x2  
  54  5:10  Pylon  
  54  5:15  Probe x2  
  54  5:16  Shield Battery  
  54  5:18  Colossus (Chrono Boost)  
  54  5:19  Pylon  
  62  5:26  Stalker, Zealot  
  62  5:28  Probe  
  67  5:29  Gateway  
  67  5:32  Probe  
  68  5:38  Extended Thermal Lance  
  68  5:40  Probe  
  69  5:44  Probe  
  70  5:52  Probe  
  70  5:56  Colossus (Chrono Boost), Probe  
  72  6:01  Zealot x2  
  81  6:04  Probe  
  81  6:08  Probe  
  83  6:12  Probe  
  83  6:17  Gateway x2  
  84  6:26  Sentry x2  
  84  6:27  Zealot  
  84  6:31  Pylon x2  
  90  6:35  Colossus (Chrono Boost), Probe x2  
  90  6:36  Probe  
  99  6:43  Charge (Chrono Boost)  
  99  6:49  Zealot  
  99  6:50  Zealot x2  
  99  6:54  Gateway x2  
  105  7:02  Pylon  
  105  7:14  Warp Prism (Chrono Boost)  
  105  7:16  Zealot x5  
  105  7:21  Gateway  
  105  7:22  Gateway x2  
  117  7:25  Gateway  
  117  7:28  Pylon  
  117  7:38  Pylon  
  117  7:48  Stalker  
  117  7:49  Stalker x5  
  120  8:06  Pylon  
  120  8:12  Pylon  
  114  8:21  Pylon  
  104  8:39  Probe  
  103  8:53  Pylon  
  103  8:57  Probe  
  103  9:00  Nexus  
  100  9:05  Pylon  
  100  9:06  Zealot  
  102  9:12  Zealot x2  
  106  9:19  Gateway  
  106  9:20  Pylon  
  106  9:22  Zealot x2  
  106  9:23  Zealot x3  
  116  9:24  Templar Archives  
  116  9:25  Pylon  
  116  9:28  Warp Prism (Chrono Boost)  
  116  9:41  Zealot x5  
  126  9:45  Zealot  
  126  9:46  Zealot x2  

Tags
 
Add a new tag
Caveats
  • Supply blocks, unpowered buildings, or Contaminate may cause inaccurate times.
  • Supply counts are checked every 10 seconds.